 Dungeon Crawl Stone Soup version 0.23.2-40-g277498a001 (webtiles) character file.

Game seed: 482353054632710327

15856 Hylith the Severer (level 12, 0/108 HPs)
             Began as a Hill Orc Fighter on Sept 5, 2019.
             Was a Priest of Makhleb.
             Slain by a freezing wraith (7 damage)
             ... in an ice cave.
             The game lasted 00:27:51 (13594 turns).

Hylith the Severer (Hill Orc Fighter)              Turns: 13594, Time: 00:27:52

Health: 0/108      AC: 16    Str: 24    XL:     12   Next: 31%
Magic:  0/16       EV:  7    Int:  8    God:    Makhleb [***...]
Gold:   741        SH: 12    Dex: 10    Spells: 11/11 levels left

rFire    . . .     SeeInvis .   a - +0 war axe
rCold    . . .     Gourm    .   c - +0 shield
rNeg     . . .     Faith    .   C - +0 plate armour
rPois    +         Spirit   +   d - +1 hat {MR+}
rElec    .         Reflect  .   (no cloak)
rCorr    +         Harm     .   h - +0 pair of gloves
MR       +....                  (no boots)
Stlth    ..........             r - amulet of guardian spirit
HPRegen  0.28/turn              t - ring of resist corrosion
MPRegen  0.15/turn              k - ring of poison resistance

@: slowed, very slow
A: no striking features
a: Minor Destruction, Lesser Servant of Makhleb, Renounce Religion


You were in an ice cave.
You worshipped Makhleb.
Makhleb was most pleased with you.
You were hungry.

You visited 3 branches of the dungeon, and saw 12 of its levels.
You also visited: Ice Cave.

You collected 741 gold pieces.

Inventory:

Hand Weapons
 a - a +0 war axe (weapon)
 x - a +2 whip of electrocution
 B - a +0 scimitar of flaming
Armour
 c - a +0 shield (worn)
 d - a +1 hat of magic resistance (worn)
 h - a +0 pair of gloves (worn)
 C - a +0 plate armour (worn)
Jewellery
 k - a ring of poison resistance (right hand)
 r - an amulet of guardian spirit (around neck)
 t - a ring of resist corrosion (left hand)
Wands
 g - a wand of paralysis (8)
 s - a wand of acid (7)
 E - a wand of enslavement (3)
 F - a wand of random effects (21)
Scrolls
 b - a scroll of holy word {unknown}
 e - 3 scrolls of enchant armour
 j - a scroll of amnesia {unknown}
 l - 7 scrolls of immolation
 m - 2 scrolls of fog
 n - 2 scrolls of enchant weapon {unknown}
 o - a scroll of teleportation
 p - 2 scrolls of magic mapping {unknown}
 v - 2 scrolls of blinking {unknown}
Potions
 i - a potion of invisibility
 w - a potion of cancellation
 z - a potion of agility
 D - a potion of lignification
Comestibles
 f - 23 rations


   Skills:
 + Level 10.7 Fighting
 * Level 15.1 Axes
 + Level 9.9 Armour
 - Level 2.2 Dodging
 + Level 9.8 Shields
 - Level 6.1 Invocations


You had 11 spell levels left.
You didn't know any spells.
Your spell library contained the following spells:

 Spells                   Type           Power        Failure   Level  Hunger
 Flame Tongue             Conj/Fire      #....        100%        1    ##.....
 Sandblast                Erth           #.....       100%        1    ##.....
 Passwall                 Tmut/Erth      #.......     100%        2    ###....
 Throw Flame              Conj/Fire      #.....       100%        2    ###....
 Conjure Flame            Conj/Fire      #.......     100%        3    ####...
 Inner Flame              Hex/Fire       #.......     100%        3    ####...
 Stone Arrow              Conj/Erth      #.....       100%        3    ####...
 Petrify                  Tmut/Erth      #.......     100%        4    #####..
 Sticky Flame             Conj/Fire      #.......     100%        4    #####..
 Fireball                 Conj/Fire      #.........   100%        5    ######.
 Lee's Rapid Deconstruct  Erth           #.........   100%        5    ######.


Dungeon Overview and Level Annotations

Branches:
Dungeon (10/15)            Temple (1/1) D:6            Lair (1/6) D:9
    Orc (0/2) D:10

Altars:
Ashenzari
Cheibriados
Dithmenos
Elyvilon
Fedhas
Gozag
Hepliaklqana
Kikubaaqudgha
Makhleb
Nemelex Xobeh
Okawaru
Qazlal
Ru
Sif Muna
Trog
Uskayaw
Vehumet
Wu Jian
Yredelemnul
Zin
The Shining One

Shops:
D:7 =   D:10 (

Annotations:
D:9 3 runed translucent doors, Thomus's ghost, novice DEWz


Message History

* * * LOW HITPOINT WARNING * * *
The freezing wraith drains your vigour!
You feel yourself slow down.
You hit the freezing wraith but do no damage.
The freezing wraith is moderately damaged.
The freezing wraith hits you but does no damage.
The freezing wraith hits you.
* * * LOW HITPOINT WARNING * * *
The freezing wraith drains your vigour!
You feel as though you will be slow longer.
Aiming: Corrosive Bolt
Press: ? - help, Shift-Dir - straight line, f - freezing wraith
Aim: a freezing wraith (moderately damaged, covered in acid)
The bolt of acid hits the freezing wraith!
The freezing wraith is splashed with acid.
The acid corrodes the freezing wraith!
The freezing wraith is severely damaged.
You block the freezing wraith's attack. x2
The freezing wraith hits you but does no damage.
The freezing wraith hits you!
You die...

##...###..##
##...###..##
##...###..##
###...###...#
##....##
#..## ##
#....##
#...### ###.
#..###
##....###...
#...##
##.........
##..@###
####......
###W..###
##.....
###...###
##....
##....###
##.#.
###....##
#### ###...##
## ###..# ##.
#.W## #..
....WY.## #..


You could see a freezing wraith.

Vanquished Creatures
  Gastronok (D:8)
  Josephine (D:10)
  A hydra (Lair:1)
  Erica (D:8)
  2 two-headed ogres (D:9)
  Pikel (D:7)
  Maurice (D:8)
  A spiny frog (Lair:1)
  A komodo dragon (Lair:1)
  5 freezing wraiths (IceCv)
  Prince Ribbit (Temple)
  2 hippogriffs
  3 trolls
  5 wraiths (D:10)
  4 yaks (D:9)
  A death yak simulacrum (IceCv)
  2 soldier ants (D:10)
  A porcupine (Lair:1)
  9 ice beasts
  2 phantoms
  5 orc warriors
  A sky beast (D:8)
  5 ogres
  A necrophage (D:10)
  4 centaurs
  A crocodile (Lair:1)
  4 bullfrogs
  2 big kobolds
  2 scorpions
  A swamp dragon simulacrum (IceCv)
  6 killer bees (D:8)
  A howler monkey (D:4)
  A bullfrog zombie (D:6)
  6 crimson imps
  2 centaur zombies
  3 jellies
  6 hounds
  8 orc priests
  4 bullfrog skeletons
  A quasit (D:10)
  15 orc wizards
  Jessica (D:3)
  4 iguanas
  8 worker ants
  A polar bear simulacrum (IceCv)
  A statue (D:8)
  A wolf simulacrum (IceCv)
  A killer bee zombie (D:6)
  A worker ant zombie (D:8)
  3 gnolls
  A howler monkey skeleton (D:4)
  14 adders
  4 white imps (IceCv)
  An ooze (D:1)
  5 worms
  4 dart slugs
  10 leopard geckos
  72 orcs
  A bat zombie (D:5)
  2 giant cockroaches
  5 goblins
  10 hobgoblins
  12 jackals
  17 kobolds
  6 quokkas
  3 ball pythons
  7 bats
  7 frilled lizards
  A quokka skeleton (D:6)
  8 rats
  A rat zombie (D:5)
336 creatures vanquished.

Vanquished Creatures (collateral kills)
  A freezing wraith (IceCv)
  Menkaure (D:6)
  A sky beast (D:10)
  An ogre (D:6)
  A white imp (IceCv)
5 creatures vanquished.

Vanquished Creatures (others)
  A slave (D:7)
  An orc priest (D:7)
  3 orcs
  A quokka (D:4)
6 creatures vanquished.

Grand Total: 347 creatures vanquished

Notes
Turn   | Place    | Note
-------+----------+-------------------------------------------
     0 | D:1      | Hylith the Hill Orc Fighter began the quest for the Orb.
     0 | D:1      | Reached XP level 1. HP: 19/19 MP: 1/1
   224 | D:1      | Reached skill level 3 in Axes
   313 | D:1      | Reached XP level 2. HP: 22/27 MP: 2/2
   456 | D:1      | Reached XP level 3. HP: 33/33 MP: 3/3
   916 | D:2      | Found an iron altar of Okawaru.
   948 | D:2      | Reached skill level 4 in Axes
  1113 | D:2      | Reached XP level 4. HP: 27/40 MP: 4/4
  1257 | D:2      | Found an ornate altar of the Wu Jian Council.
  1489 | D:2      | Found a glowing golden altar of the Shining One.
  1907 | D:3      | Reached XP level 5. HP: 41/47 MP: 5/5
  1999 | D:3      | Noticed Jessica
  2007 | D:3      | Killed Jessica
  2007 | D:3      | Reached skill level 5 in Axes
  2693 | D:3      | Reached XP level 6. HP: 35/53 MP: 6/6
  3238 | D:4      | Found a basalt altar of Yredelemnul.
  3308 | D:4      | Reached skill level 5 in Fighting
  3351 | D:4      | Reached skill level 6 in Axes
  3595 | D:4      | Found a white marble altar of Elyvilon.
  4138 | D:4      | Found a bloodstained altar of Trog.
  4138 | D:4      | Found a shattered altar of Ashenzari.
  4143 | D:4      | Found a blossoming altar of Fedhas.
  4197 | D:5      | Entered Level 5 of the Dungeon
  4201 | D:5      | Reached XP level 7. HP: 61/61 MP: 7/7
  4328 | D:3      | Reached skill level 7 in Axes
  4328 | D:3      | Reached skill level 5 in Armour
  4561 | D:4      | Reached skill level 5 in Shields
  4671 | D:4      | Reached XP level 8. HP: 39/70 MP: 8/8
  5063 | D:5      | Reached skill level 8 in Axes
  5126 | D:5      | Found an ancient bone altar of Kikubaaqudgha.
  5239 | D:6      | Noticed Prince Ribbit
  5271 | D:6      | Found a staircase to the Ecumenical Temple.
  5280 | Temple   | Entered the Ecumenical Temple
  5384 | Temple   | Became a worshipper of Makhleb the Destroyer
  5506 | Temple   | Killed Prince Ribbit
  5852 | D:5      | Reached skill level 9 in Axes
  6147 | D:6      | Noticed Menkaure
  6479 | D:6      | Killed Menkaure
  6495 | D:6      | Reached XP level 9. HP: 34/78 MP: 9/9
  7125 | D:7      | Reached skill level 10 in Axes
  7135 | D:7      | Noticed Pikel
  7150 | D:7      | Killed Pikel
  7150 | D:7      | Reached skill level 1 in Dodging
  7566 | D:7      | Found Idijekh's Jewellery Shoppe.
  7658 | D:7      | Found a glowing silver altar of Zin.
  7995 | D:8      | Reached skill level 11 in Axes
  8023 | D:8      | Noticed Maurice
  8110 | D:8      | Killed Maurice
  8110 | D:8      | Reached XP level 10. HP: 88/88 MP: 10/10
  8228 | D:8      | Reached * piety under Makhleb
  8373 | D:8      | Found a hide-covered altar of Uskayaw.
  8526 | D:8      | Noticed Erica
  8947 | D:8      | Found a radiant altar of Vehumet.
  9039 | D:8      | Noticed Gastronok
  9621 | D:9      | Reached skill level 1 in Invocations
  9654 | D:9      | Reached skill level 12 in Axes
  9688 | D:9      | Found a staircase to the Lair.
  9717 | D:9      | Found a deep blue altar of Sif Muna.
  9762 | D:9      | Found a runed translucent gate.
  9766 | D:9      | Found a runed translucent gate.
  9766 | D:9      | Found a runed translucent gate.
  9766 | D:9      | Noticed Thomus's ghost (novice DEWz)
  9768 | D:9      | Noticed a two-headed ogre
  9768 | D:9      | Noticed a stone giant
  9792 | D:9      | Killed a two-headed ogre
 10331 | D:9      | Noticed a two-headed ogre
 10346 | D:9      | Killed a two-headed ogre
 10346 | D:9      | Reached skill level 13 in Axes
 10346 | D:9      | Reached XP level 11. HP: 65/97 MP: 7/14
 10620 | D:10     | Entered Level 10 of the Dungeon
 10620 | D:10     | Noticed a red ugly thing
 10975 | D:8      | Killed Erica
 11261 | D:8      | Killed Gastronok
 11261 | D:8      | Reached skill level 5 in Invocations
 11438 | D:10     | Reached ** piety under Makhleb
 11482 | D:10     | Found a staircase to the Orcish Mines.
 11632 | D:10     | Found Ajiumets's Antique Weapon Shop.
 11926 | D:10     | Noticed Josephine
 12047 | D:10     | Reached *** piety under Makhleb
 12179 | D:10     | Reached skill level 14 in Axes
 12393 | D:10     | Killed Josephine
 12393 | D:10     | Reached skill level 10 in Fighting
 12707 | Lair:1   | Entered Level 1 of the Lair of Beasts
 13057 | Lair:1   | Reached XP level 12. HP: 106/106 MP: 16/16
 13077 | Lair:1   | Noticed a four-headed hydra
 13089 | Lair:1   | Killed a one-headed hydra
 13151 | Lair:1   | Found a frozen archway.
 13157 | IceCv    | Entered an ice cave
 13248 | IceCv    | Reached **** piety under Makhleb
 13542 | IceCv    | Reached skill level 15 in Axes
 13589 | IceCv    | HP: 1/108 [freezing wraith (12)]
 13594 | IceCv    | Slain by a freezing wraith

Skill      XL: |  1  2  3  4  5  6  7  8  9 10 11 12 |
---------------+-------------------------------------+-----
Axes           | 3 4 5 6 7 9 11 13 14 15 | 15.1
Fighting       | 4 5 6 8 9 10 | 10.7
Armour         | 4 5 6 7 8 9 |  9.9
Shields        | 4 5 6 7 8 9 |  9.8
Dodging        | 2 |  2.2
Invocations    | 4 6 |  6.1

Action                   |  1- 3 |  4- 6 |  7- 9 | 10-12 || total
-------------------------+-------+-------+-------+-------++-------
Melee: War axe           |   126 |   335 |   282 |   740 ||  1483
       Whip              |       |    78 |    29 |       ||   107
       Scimitar          |       |       |       |     6 ||     6
Invok: Lesser Servant of |       |       |       |     7 ||     7
Evoke: Wand              |       |       |       |    15 ||    15
  Use: Potion            |       |     4 |     3 |     4 ||    11
       Scroll            |       |       |     6 |     9 ||    15
 Stab: Distracted        |       |       |       |     2 ||     2
  Eat: Chunk             |     1 |    11 |     9 |    18 ||    39
       Ration            |       |       |     1 |       ||     1
Armor: Scale mail        |    32 |       |       |       ||    32
       Chain mail        |    32 |   226 |   142 |    51 ||   451
       Skin              |       |    15 |       |       ||    15
       Plate armour      |       |       |       |   265 ||   265
Dodge: Dodged            |    62 |   137 |   105 |   124 ||   428
Block: Shield            |     6 |       |    15 |   389 ||   410
       Buckler           |    26 |    73 |    61 |       ||   160
